 Dungeon Crawl Stone Soup version 0.28-b1-25-g9875b3fc8c (webtiles) character file.

Game seed: 9773427563402457736

23417 McKennaii the Destroyer (level 12, -10/81 HPs)
             Began as a Demigod Conjurer on Jan 31, 2022.
             Mangled by an eight-headed hydra (13 damage)
             ... on level 4 of the Lair of Beasts.
             The game lasted 00:22:41 (19302 turns).

McKennaii the Destroyer (Demigod Conjurer)         Turns: 19302, Time: 00:22:42

Health: -10/81     AC:  7    Str:  8    XL:     12   Next: 38%
Magic:  13/41      EV: 13    Int: 36    God:
Gold:   840        SH:  7    Dex: 12    Spells: 23/35 levels left

rFire   . . .      SeeInvis .   w - +1 dagger (venom)
rCold   + . .      Faith    .   D - +2 buckler
rNeg    . . .      Spirit   .   y - +2 robe {Will+}
rPois   .          Reflect  .   G - +1 helmet
rElec   .          Harm     .   I - +0 cloak
rCorr   .          Rampage  .   (no gloves)
Will    ++...                   (no boots)
Stlth   ++........              q - amulet of the acrobat
HPRegen 0.23/turn               F - ring of magical power
MPRegen 0.27/turn               k - ring of protection from cold

@: about to teleport
A: high MP 1, forlorn, divine attributes
a: no special abilities


You were on level 4 of the Lair of Beasts.
You visited 3 branches of the dungeon, and saw 15 of its levels.

You collected 840 gold pieces.

Inventory:

Hand Weapons
 w - a +1 dagger of venom (weapon)
Armour
 y - a +2 robe of willpower (worn)
 z - +0 steam dragon scales
 D - a +2 buckler (worn)
 G - a +1 helmet (worn)
 I - a +0 cloak (worn)
Jewellery
 h - a ring of see invisible
 k - a ring of protection from cold (right hand)
 q - an amulet of the acrobat (around neck)
 F - a ring of magical power (left hand)
Wands
 o - a wand of charming (32)
 t - a wand of acid (3)
 x - a wand of iceblast (17)
 E - a wand of paralysis (4)
Scrolls
 b - 2 scrolls of immolation
 c - 4 scrolls of fear {unknown}
 d - 6 scrolls of teleportation
 f - 2 scrolls of vulnerability {unknown}
 g - 2 scrolls of enchant weapon {unknown}
 j - 8 scrolls of identify
 m - a scroll of blinking {unknown}
 p - a scroll of noise {unknown}
 s - 3 scrolls of brand weapon {unknown}
 u - 3 scrolls of enchant armour {unknown}
 H - 2 scrolls of fog {unknown}
 K - a scroll of magic mapping {unknown}
 L - a scroll of acquirement {unknown}
Potions
 a - 4 potions of ambrosia
 e - a potion of invisibility
 i - 3 potions of haste
 l - 3 potions of flight
 n - 3 potions of brilliance
 r - 4 potions of lignification
 v - 3 potions of might
 A - 2 potions of resistance
 B - 4 potions of curing
 C - a potion of attraction
 J - 2 potions of mutation {unknown}
 M - a potion of heal wounds


   Skills:
 - Level 6.0 Dodging
 - Level 1.7 Stealth
 - Level 4.0 Shields
 - Level 12.0 Spellcasting
 - Level 12.0 Conjurations
 + Level 7.2 Air Magic


You had 23 spell levels left.
You knew the following spells:

 Your Spells              Type           Power      Damage    Failure   Level
a - Magic Dart            Conj           100%       1d8       1%          1
b - Searing Ray           Conj           100%       2d8       1%          2
c - Iskenderun's Mystic   Conj/Tloc      59%        2d12      1%          4
d - Lightning Bolt        Conj/Air       37%        1d55      1%          5

Your spell library contained the following spells:

 Spells                   Type           Power      Damage    Failure   Level
 Conjure Flame            Conj/Fire      59%        6-21      1%          3
 Dazzling Flash           Conj/Hex       100%       N/A       1%          3
 Airstrike                Air            32%        N/A       1%          4
 Fulminant Prism          Conj/Hex       29%        3d14      1%          4
 Hailstorm                Conj/Ice       59%        3d13      1%          4
 Sticky Flame             Conj/Fire      59%        2d7       1%          4
 Blink                    Tloc           42%        N/A       3%          2
 Summon Lightning Spire   Summ/Air       47%        N/A       5%          4
 Gell's Gravitas          Tloc           21%        N/A       7%          3
 Ignite Poison            Fire/Tmut/Pois 21%        N/A       7%          3
 Lesser Beckoning         Tloc           21%        N/A       7%          3
 Teleport Other           Tloc           21%        N/A       7%          3
 Tukima's Dance           Hex            21%        N/A       7%          3
 Anguish                  Hex/Necr       10%        N/A       24%         4
 Ice Form                 Ice/Tmut       21%        N/A       24%         4
 Passage of Golubria      Tloc           21%        N/A       24%         4
 Summon Ice Beast         Ice/Summ       21%        N/A       24%         4
 Manifold Assault         Tloc           21%        N/A       54%         5
 Summon Mana Viper        Hex/Summ       21%        N/A       54%         5
 Yara's Violent Unravell  Hex/Tmut       10%        3d6       54%         5
 Simulacrum               Ice/Necr       10%        N/A       98%         6
 Storm Form               Tmut/Air       23%        N/A       99%         7
 Enfeeble                 Hex            10%        N/A       100%        7
 Monstrous Menagerie      Summ           10%        N/A       100%        7
 Borgnjor's Revivificati  Necr           10%        N/A       100%        8
 Necromutation            Tmut/Necr      10%        N/A       100%        8
 Death's Door             Necr           10%        N/A       100%        9


Dungeon Overview and Level Annotations

Branches:
Dungeon (10/15)            Temple (1/1) D:5            Lair (4/6) D:8
 Spider (0/4) Lair:3
  Swamp: Lair:2-4    Shoals: Lair:2-4       Orc: D:9-12

Shops:
D:6 (   D:9 (

Portals:
Abyss: D:6

Annotations:
D:10 Josephine
Lair:2 2 transporters


Innate Abilities, Weirdness & Mutations

You have an increased reservoir of magic. (+10% MP)
You shall have no god before yourself.
Your divine heritage dramatically boosts your attributes as you level up.


Message History

You hear a bellow!
The blink frog blinks!
The eight-headed hydra completely misses you.
The eight-headed hydra bites you. The eight-headed hydra bites you!
* * * LOW HITPOINT WARNING * * *
The eight-headed hydra bites you!
* * * LOW HITPOINT WARNING * * *
You block the eight-headed hydra's attack.
The eight-headed hydra closely misses you.
The eight-headed hydra bites you but does no damage.
The eight-headed hydra barely misses you.
Okay, then.
Casting: Iskenderun's Mystic Blast (dangerous; 1% risk of failure)
Confirm with . or Enter, or press ? or * to list all spells.
You erupt in a blast of force!
The mystic blast hits the eight-headed hydra.
The eight-headed hydra is heavily wounded.
The eight-headed hydra is knocked back by the mystic blast.
You hear a bellow! x2
A yak comes into view.
Unknown command.
Unknown command.
Casting: Iskenderun's Mystic Blast (dangerous; 1% risk of failure)
Confirm with . or Enter, or press ? or * to list all spells.
Aiming: Lightning Bolt (dangerous; 1% risk of failure)
Press: ? - help, Shift-Dir - straight line, f/p - eight-headed hydra
Aim: an eight-headed hydra (heavily wounded, 88% to hit)
Okay, then.
Okay, then.
Okay, then.
As you read the scroll of teleportation, it crumbles to dust.
You feel strangely unstable.
The yak bellows!
You hear a bellow!
The blink frog blinks!
The eight-headed hydra closely misses you.
The eight-headed hydra bites you but does no damage.
The eight-headed hydra closely misses you.
The eight-headed hydra barely misses you.
The eight-headed hydra misses you. The eight-headed hydra bites you!
You die...

......##....#
.......##..##
.....####..##
......#.#...#
...=........#
...........######
.....#P###>.....##
...#####
##.#....## ##.#
#.....@.# ###
##....D..#
#.......##
#P..#...†.
#..###...... ...#.
#####... .#.# #§.
.. .F


You could see an eight-headed hydra and a blink frog.

Vanquished Creatures
  2 hydras (Lair:1)
  A catoblepas (Lair:3)
  Erica (Lair:2)
  4 two-headed ogres
  2 bog bodies (Lair:4)
  Pikel (D:7)
  The ghost of Rawrzzor the Sneak, a novice FoBr (D:6)
  A worldbinder (D:6)
  Maurice (D:8)
  A black mamba (Lair:4)
  3 rime drakes (Lair:2)
  10 cane toads
  2 komodo dragons
  2 trolls
  A polar bear (Lair:4)
  5 slime creatures (D:10)
  2 jumping spiders (Lair:3)
  12 yaks
  A basilisk (Lair:3)
  A vampire (D:9)
  Grum (D:9)
  8 wyverns
  A steam dragon (D:8)
  Menkaure (D:7)
  An acid dragon (D:8)
  6 water moccasins
  2 orc warriors
  An ice beast (D:6)
  3 sky beasts
  Duvessa (D:7)
  5 black bears
  2 small abominations (D:6)
  4 ogres
  A necrophage (D:7)
  4 wolves (D:9)
  3 centaurs (D:8)
  A phantom (D:5)
  A lemure (D:7)
  A kobold brigand (D:9)
  13 bullfrogs
  A gnoll sergeant (D:6)
  A wyvern zombie (D:6)
  2 scorpions
  A water moccasin zombie (D:7)
  Dowan (D:7)
  A killer bee (D:8)
  A water moccasin skeleton (D:5)
  20 wights
  2 howler monkeys
  3 centaur zombies
  A quasit (D:6)
  A bullfrog zombie (D:3)
  An orc priest (D:7)
  A centaur skeleton (D:7)
  A hound (D:5)
  2 jellies (D:5)
  8 orc wizards
  2 iguanas (D:5)
  A hound skeleton (D:5)
  6 gnolls
  10 adders
  A shadow imp (D:6)
  2 white imps
  An adder skeleton (D:5)
  4 worms
  3 dart slugs
  24 orcs
  8 bats
  6 endoplasms
  2 giant cockroaches
  7 goblins
  5 hobgoblins
  9 kobolds
  A quokka (D:1)
  5 ball pythons
  5 frilled lizards
  6 rats
270 creatures vanquished.

Vanquished Creatures (others)
  A hornet (D:8)
  A kobold brigand (D:8)
  A bullfrog (D:8)
  A gnoll shaman (D:8)
  2 gnolls (D:8)
  11 fungi
  16 plants
33 creatures vanquished.

Grand Total: 303 creatures vanquished

Notes
Turn   | Place    | Note
-------+----------+-------------------------------------------
     0 | D:1      | McKennaii the Demigod Conjurer began the quest for the Orb.
     0 | D:1      | Reached XP level 1. HP: 14/14 MP: 5/5
    18 | D:1      | You fall into a shaft and drop 1 floor!
    22 | D:2      | Reached XP level 2. HP: 14/20 MP: 2/7
    31 | D:2      | Learned a level 2 spell: Searing Ray
   902 | D:1      | Reached XP level 3. HP: 26/26 MP: 1/9
  2121 | D:2      | Reached XP level 4. HP: 33/33 MP: 6/10
  2126 | D:2      | Learned a level 4 spell: Iskenderun's Mystic Blast
  2618 | D:3      | Reached skill level 5 in Conjurations
  3115 | D:3      | Reached XP level 5. HP: 24/38 MP: 2/12
  3680 | D:4      | Noticed an ogre
  3685 | D:4      | Killed an ogre
  3953 | D:4      | Reached XP level 6. HP: 45/45 MP: 11/14
  4855 | D:5      | Entered Level 5 of the Dungeon
  4865 | D:5      | Reached XP level 7. HP: 41/50 MP: 4/16
  5467 | D:5      | Found a staircase to the Ecumenical Temple.
  5512 | Temple   | Entered the Ecumenical Temple
  6181 | D:6      | Noticed a worldbinder
  6260 | D:6      | Found Aprot's Weapon Shoppe.
  6378 | D:6      | Found a transporter.
  6397 | D:6      | Reached skill level 5 in Spellcasting
  6397 | D:6      | Reached XP level 8. HP: 49/57 MP: 13/19
  6636 | D:6      | Found a one-way gate to the infinite horrors of the Abyss.
  6867 | D:6      | Found a transporter.
  6878 | D:6      | Noticed Rawrzzor's ghost (novice FoBr)
  7177 | D:7      | Noticed Pikel
  7244 | D:7      | Killed Pikel
  7477 | D:7      | Reached skill level 10 in Conjurations
  7527 | D:7      | Reached XP level 9. HP: 62/62 MP: 16/22
  8290 | D:7      | Noticed Menkaure
  8300 | D:7      | Killed Menkaure
  8671 | D:7      | Noticed Dowan
  8685 | D:7      | Noticed Duvessa
  8731 | D:8      | Noticed Maurice
  8745 | D:8      | Killed Maurice
  8748 | D:8      | Noticed a two-headed ogre
  9172 | D:8      | Killed a two-headed ogre
  9373 | D:8      | Noticed a two-headed ogre
  9383 | D:8      | Killed a two-headed ogre
  9384 | D:8      | Reached XP level 10. HP: 63/69 MP: 7/28
  9385 | D:8      | Reached skill level 10 in Spellcasting
  9389 | D:8      | Noticed a two-headed ogre
  9448 | D:8      | Killed a two-headed ogre
 10361 | D:8      | Found a staircase to the Lair.
 10777 | D:7      | Killed Duvessa
 10777 | D:7      | Killed Dowan
 10993 | D:6      | Noticed a manticore
 11256 | D:6      | Noticed a manticore
 11258 | D:6      | Killed a worldbinder
 11259 | D:6      | Reached skill level 5 in Dodging
 11294 | D:6      | Killed Rawrzzor's ghost
 11791 | D:9      | Found Ebunimp's Antique Weapon Shop.
 12316 | D:9      | Reached XP level 11. HP: 68/74 MP: 26/29
 12598 | D:9      | Noticed Grum
 12605 | D:9      | Killed Grum
 12827 | D:9      | Reached skill level 1 in Shields
 13016 | D:10     | Entered Level 10 of the Dungeon
 13280 | D:10     | Noticed Josephine
 13918 | D:10     | Noticed a two-headed ogre
 13937 | D:10     | Killed a two-headed ogre
 14451 | D:10     | Noticed a centaur warrior
 14551 | Lair:1   | Entered Level 1 of the Lair of Beasts
 14764 | Lair:1   | Noticed a five-headed hydra
 14774 | Lair:1   | Killed a five-headed hydra
 14905 | Lair:1   | You fall into a shaft and drop 1 floor!
 15119 | Lair:1   | Learned a level 5 spell: Lightning Bolt
 15392 | Lair:1   | Reached skill level 1 in Air Magic
 15566 | Lair:1   | Noticed a five-headed hydra
 15574 | Lair:1   | Killed a five-headed hydra
 16523 | Lair:2   | Found a transporter.
 16526 | Lair:2   | Found a transporter.
 16527 | Lair:2   | Noticed a boulder beetle
 16545 | Lair:2   | Noticed Erica
 17103 | Lair:2   | Killed Erica
 17104 | Lair:2   | Reached XP level 12. HP: 81/81 MP: 28/32
 17658 | Lair:3   | Noticed a catoblepas
 17672 | Lair:3   | Killed a catoblepas
 17829 | Lair:3   | Reached skill level 5 in Air Magic
 18310 | Lair:3   | Found a hole to the Spider Nest.
 18514 | Lair:3   | Identified the +0 plate armour of Qeucwul {rC+ rCorr}
 19294 | Lair:4   | Noticed an eight-headed hydra
 19300 | Lair:4   | HP: 2/81 [eight-headed hydra (12)]
 19302 | Lair:4   | Mangled by an eight-headed hydra

Illustrated notes

Levels and vault maps discovered:
D:1:      dpeg_arrival_windows_large_door, layout_loops_ring, serial_bayou,
          serial_bayou_pond_c, serial_bayou_crossing, serial_bayou_pond_c,
          serial_bayou_lake_a, serial_bayou_shore_a, serial_bayou_pond_a,
          chequers_serial_rivers_micro_a, serial_park_tiny_1, bh_walls_and_bars
D:2:      layout_loops_ring, basic_altar
D:3:      layout_rooms, shapermc_ecumenical_altar_mp_urbaneastern,
          hex_intersection
D:4:      layout_loops_cross, kennysheep_slug_shrine, kennysheep_nondescript,
          kennysheep_generic_room_13
D:5:      layout_gridville, minmay_temple_entry_enclosed_plants
D:6:      layout_rooms, serial_shops, shop, gammafunk_ghost_abyssal_escape
D:7:      layout_basic, uniq_duvessa, uniq_pikel, uniq_menkaure
D:8:      layout_loops_ring, grunt_gozag_breadcrumbs, xom_confusion_cloud,
          david_lair_generic, uniq_maurice
D:9:      layout_loops_ring, nicolae_kikubaaqudgha_miasma_corner,
          mainiacjoe_overflow_six_doors_small, serial_shops,
          kennysheep_mini_moat, st_stairs_8, uniq_grum
D:10:     layout_grid_maze, uniq_josephine
Temple:   minmay_crystal_spiral_temple
Lair:1:   cheibrodos_lair_river_kwai, layout_cave_shapes, grunt_megastairs_2
Lair:2:   gammafunk_boulding_lane, layout_layer_cave, grunt_megastairs_5,
          uniq_erica
Lair:3:   layout_regular_city, spider_nest_entry_a
Lair:4:   layout_cave_pods, skrybe_swamp_entry_bodies, lemuel_fruit_tree

Skill      XL: |  1  2  3  4  5  6  7  8  9 10 11 12 |
---------------+-------------------------------------+-----
Spellcasting   | 2 3 4 5 6 9 10 11 12 | 12.0
Conjurations   | 4 5 6 8 10 11 12 | 12.0
Dodging        | 5 6 |  6.0
Shields        | 4 |  4.0
Air Magic      | 4 7 |  7.2
Stealth        | |  1.7

Action                   |  1- 3 |  4- 6 |  7- 9 | 10-12 || total
-------------------------+-------+-------+-------+-------++-------
Melee: Unarmed           |       |     1 |     2 |       ||     3
       Dagger            |       |       |     2 |     1 ||     3
 Cast: Magic Dart        |    87 |   107 |   165 |   212 ||   571
       Searing Ray       |       |     9 |    45 |    96 ||   150
       Iskenderun's Myst |       |       |    12 |   121 ||   133
       Lightning Bolt    |       |       |       |    16 ||    16
Evoke: Wand              |       |       |       |     3 ||     3
  Use: Scroll            |       |       |       |    14 ||    14
Armor: Robe              |     1 |     3 |     5 |    27 ||    36
Dodge: Dodged            |     5 |    28 |    66 |   154 ||   253
Block: Buckler           |       |       |       |    22 ||    22
